 Dungeon Crawl Stone Soup version 0.18-b1-2-gd0c887e (webtiles) character file.

12 Alarkh the Magician (level 2, 0/19 HPs)
             Began as a Mummy Wizard on Apr 28, 2016.
             Slain by a jackal (1 damage)
             ... on level 1 of the Dungeon.
             The game lasted 00:00:58 (454 turns).

Alarkh the Magician (Mummy Wizard)                   Turns: 454, Time: 00:00:59

Health: 0/19       AC:  2    Str: 10    XL:     2   Next: 20%
Magic:  0/6        EV: 12    Int: 17    God:
Gold:   35         SH:  0    Dex: 10    Spells: 1 memorised, 6 levels left

rFire  x . .     SeeInvis .     d - +0 dagger (curse)
rCold  + . .     Gourm    .     a - +0 robe
rNeg   + + +     Faith    .     (no shield)
rPois  ∞         Spirit   .     b - +0 hat
rElec  .         Dismiss  .     (no cloak)
rCorr  .         Reflect  .     (no gloves)
SustAt .         Harm     .     (no boots)
MR     .....                    (no amulet)
Stlth  ++........               (no ring)
                                (no ring)

@: very slightly contaminated, not resistant to hostile enchantments, unstealthy
A: no food or potions, fire vulnerability, cold resistance 1, negative energy
resistance 3, torment resistance, unbreathing
a: no special abilities


You were on level 1 of the Dungeon.
You were not hungry.

You visited 1 branch of the dungeon, and saw 2 of its levels.

You collected 35 gold pieces.

Inventory:

Hand Weapons
 d - a cursed +0 dagger (weapon)
Armour
 a - a +0 robe (worn)
 b - a +0 hat (worn)
Scrolls
 e - a scroll of teleportation {unknown}
Books
 c - a book of Minor Magic

   Spells                             Type                      Level
   a - Magic Dart                     Conjuration                  1
   b - Blink                          Translocation                2
   c - Call Imp                       Summoning                    2
   d - Repel Missiles                 Charms/Air                   2
   e - Slow                           Hexes                        2
   f - Conjure Flame                  Conjuration/Fire             3
   g - Mephitic Cloud                 Conjuration/Poison/Air       3


   Skills:
 - Level 1.5 Dodging
 - Level 1.5 Stealth
 + Level 3.2 Spellcasting
 * Level 1.3 Conjurations
   Level 0.7 Summonings
   Level 0.7 Translocations


You had 6 spell levels left.
You knew the following spells:

 Your Spells              Type           Power        Failure   Level  Hunger
a - Magic Dart            Conj           #...         12%         1    N/A

Dungeon Overview and Level Annotations

Branches:
Dungeon (2/15)

Altars:
Elyvilon
Qazlal
Zin
The Shining One


Innate Abilities, Weirdness & Mutations

You do not eat or drink.
Your flesh is vulnerable to fire.
You are immune to poison.
Your flesh is cold resistant.
You are immune to negative energy.
You are immune to unholy pain and torment.
You can survive without breathing.


Message History

The jackal misses you. The jackal closely misses you.
Casting: Magic Dart
Confirm with . or Enter, or press ? or * to list all spells.
Aiming: Magic Dart
Press: ? - help, Shift-Dir - straight line, f/p - jackal
Aim: a jackal (heavily wounded)
The magic dart hits the jackal.
You kill the jackal!
The jackal bites you.
* * * LOW HITPOINT WARNING * * *
You hit the jackal.
The jackal is moderately wounded.
The jackal closely misses you.
You hit the jackal.
The jackal is heavily wounded.
The jackal bites you.
* * * LOW HITPOINT WARNING * * *
The jackal bites you.
You die...

#...#.#.†...###.#
##.#.............#
#............#######
#..##..#####.#####.####
######..#..>...............#
........................#.##
#.#.....#.##.####.#####.#.#
#....)...#h# #.# #.#.#
#.....#.##@# #.# #.#.#
#.....####.# #.# #.#.#
.......# ... ...#####.#.#
.###..... ..............#.#
....###############'## ##.#.
#.# #.# #.# #.#


You could see a jackal.

Vanquished Creatures
  A giant gecko (D:1)
  A hobgoblin (D:2)
  2 jackals
  A bat (D:2)
  A giant newt (D:1)
  3 goblins
  2 rats (D:2)
11 creatures vanquished.

Notes
Turn   | Place    | Note
--------------------------------------------------------------
     0 | D:1      | Alarkh the Mummy Wizard began the quest for the Orb.
     0 | D:1      | Reached XP level 1. HP: 13/13 MP: 4/4
   139 | D:2      | Reached skill level 1 in Conjurations
   241 | D:2      | Found a white marble altar of Elyvilon.
   241 | D:2      | Found a glowing golden altar of the Shining One.
   242 | D:2      | Found a glowing silver altar of Zin.
   398 | D:1      | Reached XP level 2. HP: 19/19 MP: 3/6
   439 | D:2      | Found a stormy altar of Qazlal.
   454 | D:1      | Slain by a jackal

Skill      XL: |  1 |
---------------+----+-----
Conjurations   | 1 |  1.3
Dodging        | |  1.5
Stealth        | |  1.5
Spellcasting   | |  3.2
Summonings     | |  0.7
Translocations | |  0.7

Action                   || total
-------------------------++-------
Melee: Unarmed           ||    16
       Dagger            ||     2
 Cast: Magic Dart        ||    22
Armor: Robe              ||     1
Dodge: Dodged            ||    22
